 Dungeon Crawl Stone Soup version 0.27-a0-686-gaed091b46b (webtiles) character file.

Game seed: 12998307921150009882

37 jasper the Sneak (level 3, -1/29 HPs)
             Began as a Demonspawn Delver on Mar 21, 2021.
             Slain by an orc
             ... wielding a +0 short sword
              (4 damage)
             ... on level 3 of the Dungeon.
             The game lasted 00:02:22 (746 turns).

jasper the Sneak (Demonspawn Delver)                 Turns: 746, Time: 00:02:23

Health: -1/29      AC:  5    Str: 13    XL:     3   Next: 21%
Magic:  3/3        EV: 12    Int: 17    God:
Gold:   14         SH:  0    Dex: 14    Spells: 2/2 levels left

rFire    . . .     SeeInvis .   a - +0 hand axe
rCold    . . .     Faith    .   (no shield)
rNeg     . . .     Spirit   .   b - +0 leather armour
rPois    .         Reflect  .   (no helmet)
rElec    .         Harm     .   (no cloak)
rCorr    .         Rampage  .   (no gloves)
Will     .....                  (no boots)
Stlth    ++........             (no amulet)
HPRegen  0.09/turn              h - +6 ring of intelligence
MPRegen  0.08/turn              (no ring)

@: flying
A: icy blue scales 1
a: no special abilities


You were on level 3 of the Dungeon.
You visited 1 branch of the dungeon, and saw 4 of its levels.

You collected 14 gold pieces.

Inventory:

Hand Weapons
 a - a +0 hand axe (weapon)
Armour
 b - a +0 leather armour (worn)
Jewellery
 h - a +6 ring of intelligence (right hand)
Scrolls
 c - a scroll of fog
 d - a scroll of magic mapping


   Skills:
 + Level 3.3 Fighting
 * Level 2.5 Axes
 + Level 1.0 Armour
 + Level 2.1 Dodging
 - Level 4.5 Stealth


You had 2 spell levels left.
You didn't know any spells.
Your spell library was empty.

Dungeon Overview and Level Annotations

Branches:
Dungeon (6/15)
 Temple: D:4-7

Altars:
Dithmenos


Innate Abilities, Weirdness & Mutations

You are partially covered in icy blue scales. (AC +2)


Message History

Your Armour skill increases to level 1!
You hit the orc.
The orc is almost dead.
The orc hits you with a +0 short sword!
You take 6 damage, and have 12/29 hp.
MASSIVE DAMAGE!!
You barely miss the orc.
The orc is almost dead.
The orc hits you with a +0 short sword.
* * * LOW HITPOINT WARNING * * *
The orc hits you but does no damage.
You take 4 damage, and have 8/29 hp.
You closely miss the orc.
The orc is almost dead.
The orc hits you with a +0 short sword.
* * * LOW HITPOINT WARNING * * *
You take 3 damage, and have 5/29 hp.
Okay, then.
As you read the scroll of fear, it crumbles to dust.
You assume a fearsome visage.
The orc looks frightened!
It was a potion of flight.
You feel very buoyant.
You fly up into the air.
You hit the orc.
The orc is lightly wounded.
The orc closely misses you. The orc barely misses you.
Okay, then.
You aren't carrying any items that you can evoke.
Unknown command.
Okay, then.
You completely miss the orc.
The orc is lightly wounded.
The orc hits you with a +0 short sword.
* * * LOW HITPOINT WARNING * * *
You take 3 damage, and have 3/29 hp.
You completely miss the orc.
The orc is lightly wounded.
You hit the orc.
The orc is heavily wounded.
The orc hits you with a +0 short sword.
You die...

..## .... ..#
.... ...# ..P≈
♣..# ..≈≈♣...#
### ...≈≈♣..#
##@# ...oP...#
##o##
....>...#
##o##
.....o..#
##.##
...$.#o##
##.##
.....##.###.##
....(###.#.##
.....# ##)##
?....# ##.#


You could see 2 orcs.

Vanquished Creatures
  A hound skeleton (D:5)
  An adder (D:5)
  An ooze (D:6)
  A worm (D:5)
  An orc (D:3)
  3 quokkas
  A quokka zombie (D:5)
9 creatures vanquished.

Notes
Turn   | Place    | Note
-------+----------+-------------------------------------------
     0 | D:5      | jasper the Demonspawn Delver began the quest for the Orb.
     0 | D:5      | Reached XP level 1. HP: 18/18 MP: 1/1
    27 | D:5      | Gained mutation: You are partially covered in icy blue
                  | scales. (AC +2) [demonic ancestry]
    27 | D:5      | Reached XP level 2. HP: 6/24 MP: 2/2
   310 | D:6      | Noticed a phantom
   322 | D:5      | Noticed a howler monkey
   558 | D:5      | Found a shadowy altar of Dithmenos.
   575 | D:5      | Reached XP level 3. HP: 24/29 MP: 3/3
   732 | D:3      | Reached skill level 1 in Armour
   746 | D:3      | Slain by an orc

Illustrated notes

Levels and vault maps discovered:
D:3:      layout_basic, serial_shops, nicolae_shop_crystal, grunt_ministairs_12,
          serial_bayou_pond_d, kennysheep_generic_room_10, uniq_robin
D:4:      layout_basic, fedhas_bush_and_centaur_altar,
          cheibrodos_sewer_entry_bend, serial_shops,
          nicolae_shop_competitors_out_of_business, st_stairs_10,
          minmay_surrounded
D:5:      layout_loops_ring, old_standard_altar, minmay_temple_entry_glass,
          hex_large, minmay_fountain_box, uniq_sigmund, uniq_blork_the_orc
D:6:      layout_loops_ring, nemelex_xobeh_ov_fountains_minmay,
          lightli_church_of_beogh

Skill      XL: |  1  2  3 |
---------------+----------+-----
Axes           | 2 |  2.5
Dodging        | 2 |  2.1
Armour         | 1 |  1.0
Fighting       | |  3.3
Stealth        | |  4.5

Action                   || total
-------------------------++-------
Melee: Hand axe          ||    56
Evoke: Wand              ||     3
  Use: Potion            ||     2
       Scroll            ||     1
Armor: Leather armour    ||    10
Dodge: Dodged            ||    30

Table legend: (Time is in decaauts)
 A = Elapsed time spent in this place.
 B = Non-inter-level travel time spent in this place.
 C = Inter-level travel time spent in this place.
 D = Time resting spent in this place.
 E = Time spent auto-exploring this place.
 F = Levels seen in this place.
 G = Mean time per level.
                   A        B        C        D        E       F      G
               +--------+--------+--------+--------+--------+-----+--------+
         Total |    742 |    742 |      0 |    435 |      1 |   4 |  185.5 |
       Dungeon |    742 |    742 |      0 |    435 |      1 |   4 |  185.5 |
               +--------+--------+--------+--------+--------+-----+--------+

Top non-repeatable levels by time:
     D:5: 421 daAuts
     D:6: 189 daAuts
     D:4: 98 daAuts
     D:3: 33 daAuts
